3AAA
SUNSET DISTRICT FOG @ SCRANTON SUPERNOVAS
06/25/2021
 
TOP OF THE 1ST
Sunset District Fog batting - Pitching for Scranton Supernovas : RHP Victor Brey
Pitching: RHP Victor Brey
Batting: RHB Manuel Rodríguez 0-0: Foul Ball, location: 2F
0-1: Ball
1-1: Fly out, F3 (Popup, 23)
Batting: RHB Francisco Torres 0-0: Fly out, F8 (Flyball, 8LM)
Batting: SHB Al Anderson 0-0: Ball
1-0: Ball
2-0: Ball
3-0: Base on Balls
Batting: LHB Todd Henry 0-0: Called Strike
0-1: Ball
1-1: Called Strike
1-2: Fielders Choice at 2nd, U4 (Groundball, 4M)
Top of the 1st over - 0 run(s), 0 hit(s), 0 error(s), 1 left on base; Sunset District 0 - Scranton 0
BOTTOM OF THE 1ST
Scranton Supernovas batting - Pitching for Sunset District Fog : LHP Juan Castro
Pitching: LHP Juan Castro
Batting: RHB Keith MacKey 0-0: Ball
1-0: Foul Ball, location: 2F
1-1: Ball
2-1: Ball
3-1: Foul Ball, location: 2F
3-2: Foul Ball, location: 2F
3-2: Foul Ball, location: 2F
3-2: Fly out, F2 (Popup, 2RF)
Batting: LHB Francisco Ortega 0-0: Ball
1-0: Ball
2-0: Foul Ball, location: 2F
2-1: Foul Ball, location: 2F
2-2: Strikes out looking
Batting: RHB Josh Stafford 0-0: Called Strike
0-1: Ball
1-1: Called Strike
1-2: Ground out U3 (Groundball, 3)
Bottom of the 1st over - 0 run(s), 0 hit(s), 0 error(s), 0 left on base; Sunset District 0 - Scranton 0
TOP OF THE 2ND
Sunset District Fog batting - Pitching for Scranton Supernovas : RHP Victor Brey
Batting: LHB Jesús Quintanilla 0-0: Ball
1-0: Called Strike
1-1: Ball
2-1: DOUBLE (Line Drive, 78D)
Batting: RHB Rafael Najcrea 0-0: Ball
1-0: Foul Ball, location: 2F
1-1: Swinging Strike
1-2: SINGLE (Line Drive, 9S)
Jesús Quintanilla to third
Batting: RHB Juan Alvarado 0-0: Called Strike
0-1: Foul Ball, location: 2F
0-2: Ball
1-2: Ball
2-2: SINGLE (Line Drive, 34D)
Jesús Quintanilla scores
Rafael Najcrea to second
Batting: LHB Randy Daugherty 0-0: Called Strike
0-1: Ball
1-1: Called Strike
1-2: Foul Ball, location: 2F
1-2: Foul Ball, location: 2F
1-2: Foul Ball, location: 2F
1-2: Ball
2-2: Fly out, F6 (Line Drive, 6)
Batting: RHB Jim Allen 0-0: Ball
1-0: Called Strike
1-1: Foul Ball, location: 2F
1-2: Foul Ball, location: 2F
1-2: Ball
2-2: Ball
3-2: Fly out, F7 (Flyball, 78M)
Batting: RHB Manuel Rodríguez 0-0: Ball
1-0: Swinging Strike
1-1: Fielders Choice at 2nd, 5-4 (Groundball, 5)
Top of the 2nd over - 1 run(s), 3 hit(s), 0 error(s), 1 left on base; Sunset District 1 - Scranton 0
BOTTOM OF THE 2ND
Scranton Supernovas batting - Pitching for Sunset District Fog : LHP Juan Castro
Batting: RHB Chris Teague 0-0: Foul Ball, location: 2F
0-1: Ground out 1-3 (Groundball, 13)
Batting: RHB Lance Davis 0-0: Ball
1-0: Fly out, F5 (Popup, 15)
Batting: RHB Jesús Rodríguez 0-0: Ball
1-0: Fly out, F8 (Flyball, 8LM)
Bottom of the 2nd over - 0 run(s), 0 hit(s), 0 error(s), 0 left on base; Sunset District 1 - Scranton 0
TOP OF THE 3RD
Sunset District Fog batting - Pitching for Scranton Supernovas : RHP Victor Brey
Batting: RHB Francisco Torres 0-0: Called Strike
0-1: Foul Ball, location: 2F
0-2: SINGLE (Line Drive, 89M)
Batting: SHB Al Anderson 0-0: Called Strike
0-1: Called Strike
0-2: Ball
1-2: Ball
2-2: Foul Ball, location: 2F
2-2: Ball
3-2: Foul Ball, location: 2F
3-2: Ground out 6-3 (Groundball, 6MS)
Francisco Torres to second
Batting: LHB Todd Henry 0-0: Ball
1-0: Ball
2-0: Foul Ball, location: 2F
2-1: Swinging Strike
2-2: Ball
3-2: Fly out, F8 (Flyball, 8RD)
Runner from 2nd tags up, SAFE at 3rd, no throw
Batting: LHB Jesús Quintanilla 0-0: Ball
1-0: Called Strike
1-1: Fly out, F7 (Flyball, 78M)
Top of the 3rd over - 0 run(s), 1 hit(s), 0 error(s), 1 left on base; Sunset District 1 - Scranton 0
BOTTOM OF THE 3RD
Scranton Supernovas batting - Pitching for Sunset District Fog : LHP Juan Castro
Batting: RHB Thomas Campbell 0-0: Foul Ball, location: 2F
0-1: Ball
1-1: Ball
2-1: Ground out 6-3 (Groundball, 6M)
Batting: LHB Cliff Aldridge 0-0: Ball
1-0: Ball
2-0: Ball
3-0: Base on Balls
Batting: RHB Jerome Wilson 0-0: Ball
1-0: Ball
2-0: Called Strike
2-1: Ball
3-1: Foul Ball, location: 2F
3-2: Base on Balls
Cliff Aldridge to second
Batting: RHB Keith MacKey 0-0: Grounds into double play, U6-3 (Groundball, 6)
Bottom of the 3rd over - 0 run(s), 0 hit(s), 0 error(s), 1 left on base; Sunset District 1 - Scranton 0
TOP OF THE 4TH
Sunset District Fog batting - Pitching for Scranton Supernovas : RHP Victor Brey
Batting: RHB Rafael Najcrea 0-0: Called Strike
0-1: Foul Ball, location: 2F
0-2: Fly out, F4 (Popup, 4M)
Batting: RHB Juan Alvarado 0-0: Called Strike
0-1: Ball
1-1: Ground out 5-3 (Groundball, 56)
Batting: LHB Randy Daugherty 0-0: Ball
1-0: Foul Ball, location: 2F
1-1: Ground out 6-3 (Groundball, 6)
Top of the 4th over - 0 run(s), 0 hit(s), 0 error(s), 0 left on base; Sunset District 1 - Scranton 0
BOTTOM OF THE 4TH
Scranton Supernovas batting - Pitching for Sunset District Fog : LHP Juan Castro
Batting: LHB Francisco Ortega 0-0: Ball
1-0: Ball
2-0: Foul Ball, location: 2F
2-1: Foul Ball, location: 2F
2-2: Ball
3-2: Fly out, F6 (Popup, 6)
Batting: RHB Josh Stafford 0-0: Ground out 6-3 (Groundball, 6)
Batting: RHB Chris Teague 0-0: Called Strike
0-1: Ball
1-1: Ball
2-1: Foul Ball, location: 2F
2-2: Ball
3-2: DOUBLE (Line Drive, 8LM)
Batting: RHB Lance Davis 0-0: Ball
1-0: Ball
2-0: Called Strike
2-1: TRIPLE (Flyball, 78D)
Chris Teague scores
Batting: RHB Jesús Rodríguez 0-0: Foul Ball, location: 2F
0-1: Ball
1-1: Ball
2-1: Ball
3-1: Foul Ball, location: 2F
3-2: Foul Ball, location: 2F
3-2: DOUBLE (Flyball, 78D)
Lance Davis scores
Batting: RHB Thomas Campbell 0-0: Called Strike
0-1: Ball
1-1: Ball
2-1: Foul Ball, location: 2F
2-2: SINGLE (Line Drive, 78S)
Jesús Rodríguez to third
Runner from 3rd tries for Home, SAFE, no throw or cutoff
Batting: LHB Cliff Aldridge 0-0: Ball
1-0: Ball
2-0: Ball
3-0: Called Strike
3-1: Foul Ball, location: 2F
3-2: 2-RUN HOME RUN (Line Drive, 89XD), Distance : 434 ft
Batting: RHB Jerome Wilson 0-0: Ball
1-0: Ground out 6-3 (Groundball, 6M)
Bottom of the 4th over - 5 run(s), 5 hit(s), 0 error(s), 0 left on base; Sunset District 1 - Scranton 5
TOP OF THE 5TH
Sunset District Fog batting - Pitching for Scranton Supernovas : RHP Victor Brey
Batting: RHB Jim Allen 0-0: Ball
1-0: Called Strike
1-1: Called Strike
1-2: Ball
2-2: Ball
3-2: Strikes out swinging
Batting: RHB Manuel Rodríguez 0-0: Called Strike
0-1: Swinging Strike
0-2: Fly out, F8 (Flyball, 78M)
Batting: RHB Francisco Torres 0-0: Called Strike
0-1: Ball
1-1: SINGLE (Groundball, 56D)
Batting: SHB Al Anderson 0-0: Ball
Pickoff Throw to First - Error! E1
Francisco Torres to second
1-0: Fly out, F3 (Popup, 3F)
Top of the 5th over - 0 run(s), 1 hit(s), 1 error(s), 1 left on base; Sunset District 1 - Scranton 5
BOTTOM OF THE 5TH
Scranton Supernovas batting - Pitching for Sunset District Fog : LHP Juan Castro
Batting: RHB Keith MacKey 0-0: Ball
1-0: Foul Ball, location: 2F
1-1: SINGLE (Line Drive, 6MD)
Batting: LHB Francisco Ortega 0-0: Sac Bunt - play at first, batter OUT! 1-4
Keith MacKey to second
Batting: RHB Josh Stafford 0-0: Ground out 6-3 (Groundball, 6)
Keith MacKey to third
Batting: RHB Chris Teague 0-0: Ball
1-0: Foul Ball, location: 2F
1-1: Foul Ball, location: 2F
1-2: Strikes out looking
Bottom of the 5th over - 0 run(s), 1 hit(s), 0 error(s), 1 left on base; Sunset District 1 - Scranton 5
TOP OF THE 6TH
Sunset District Fog batting - Pitching for Scranton Supernovas : RHP Victor Brey
Batting: LHB Todd Henry 0-0: Called Strike
0-1: Foul Ball, location: 2F
0-2: Ground out 4-3 (Groundball, 4)
Batting: LHB Jesús Quintanilla 0-0: Ball
1-0: Ball
2-0: Called Strike
2-1: Ball
3-1: Ground out 4-3 (Groundball, 34)
Batting: RHB Rafael Najcrea 0-0: Foul Ball, location: 2F
0-1: Foul Ball, location: 2F
0-2: Ball
1-2: SINGLE (Flyball, 8RS)
Pitching: LHP Felipe Gutiérrez
Batting: RHB Juan Alvarado 0-0: Ball
Rafael Najcrea is caught stealing 2nd base
Top of the 6th over - 0 run(s), 1 hit(s), 0 error(s), 0 left on base; Sunset District 1 - Scranton 5
BOTTOM OF THE 6TH
Scranton Supernovas batting - Pitching for Sunset District Fog : LHP Juan Castro
Batting: RHB Lance Davis 0-0: Called Strike
0-1: SINGLE (Flyball, 78S)
Batting: RHB Jesús Rodríguez 0-0: Ball
1-0: Bunted foul
1-1: Bunted foul
1-2: Strikes out swinging
Batting: RHB Thomas Campbell 0-0: Ball
1-0: Called Strike
1-1: Foul Ball, location: 2F
1-2: Fly out, F7 (Flyball, 78M)
Batting: LHB Cliff Aldridge 0-0: Called Strike
0-1: Ball
1-1: Ball
2-1: Ball
3-1: Fielders Choice at 2nd, U6 (Groundball, 6M)
Bottom of the 6th over - 0 run(s), 1 hit(s), 0 error(s), 1 left on base; Sunset District 1 - Scranton 5
TOP OF THE 7TH
Sunset District Fog batting - Pitching for Scranton Supernovas : LHP Felipe Gutiérrez
Batting: RHB Juan Alvarado 0-0: Swinging Strike
0-1: Ground out 6-3 (Groundball, 6M)
Batting: LHB Randy Daugherty 0-0: Foul Ball, location: 2F
0-1: Ground out 6-3 (Groundball, 6M)
Batting: RHB Jim Allen 0-0: Ball
1-0: Called Strike
1-1: Fly out, F9 (Line Drive, 9LS)
Top of the 7th over - 0 run(s), 0 hit(s), 0 error(s), 0 left on base; Sunset District 1 - Scranton 5
BOTTOM OF THE 7TH
Scranton Supernovas batting - Pitching for Sunset District Fog : LHP Juan Castro
Batting: RHB Jerome Wilson 0-0: Ball
1-0: Ball
2-0: Called Strike
2-1: Ball
3-1: Base on Balls
Batting: RHB Keith MacKey 0-0: Ball
1-0: Sac Bunt - play at first, batter OUT! 1-3
Jerome Wilson to second
Batting: LHB Francisco Ortega 0-0: Ball
1-0: Ball
2-0: Ground out 4-3 (Groundball, 4)
Jerome Wilson to third
Batting: RHB Josh Stafford 0-0: Called Strike
0-1: Ball
1-1: SINGLE (Flyball, 34D)
Jerome Wilson scores
Pitching: RHP John Adams
Batting: RHB Chris Teague 0-0: Foul Ball, location: 2F
0-1: Ball
1-1: 2-RUN HOME RUN (Flyball, 78XD), Distance : 431 ft
Batting: RHB Lance Davis 0-0: Ball
1-0: Foul Ball, location: 2F
1-1: Ball
2-1: Ball
3-1: Base on Balls
Batting: RHB Jesús Rodríguez 0-0: Ball
1-0: Foul Ball, location: 2F
1-1: Ball
2-1: Foul Ball, location: 2F
2-2: Fly out, F2 (Popup, 23F)
Bottom of the 7th over - 3 run(s), 2 hit(s), 0 error(s), 1 left on base; Sunset District 1 - Scranton 8
TOP OF THE 8TH
Sunset District Fog batting - Pitching for Scranton Supernovas : LHP Felipe Gutiérrez
Now at C: César Ramírez
Now in RF: Ethan Stanford
Batting: RHB Manuel Rodríguez 0-0: Bunt for hit - play at first, batter OUT! 3-4
Batting: RHB Francisco Torres 0-0: Ball
1-0: SINGLE (Line Drive, 56)
Batting: SHB Al Anderson 0-0: Swinging Strike
0-1: Foul Ball, location: 2F
0-2: Strikes out swinging
Batting: LHB Todd Henry 0-0: Ground out 1-3 (Groundball, 25)
Top of the 8th over - 0 run(s), 1 hit(s), 0 error(s), 1 left on base; Sunset District 1 - Scranton 8
BOTTOM OF THE 8TH
Scranton Supernovas batting - Pitching for Sunset District Fog : RHP John Adams
Batting: RHB Thomas Campbell 0-0: Ball
1-0: Foul Ball, location: 2F
1-1: Foul Ball, location: 2F
1-2: SINGLE (Groundball, 56D)
Batting: RHB Ethan Stanford 0-0: Bunted foul
0-1: Called Strike
Thomas Campbell steals 2nd base
0-2: Foul Ball, location: 2F
0-2: SINGLE (Groundball, 4D) (infield hit)
Thomas Campbell to third
Batting: RHB Jerome Wilson 0-0: Ball
1-0: Ball
2-0: Fly out, F8 (Flyball, 8RM)
Runner from 3rd tags up, SCORES, no throw
Batting: RHB Keith MacKey 0-0: Called Strike
0-1: Fly out, F8 (Flyball, 8RM)
Batting: LHB Francisco Ortega 0-0: Fly out, F4 (Popup, 34D)
Bottom of the 8th over - 1 run(s), 2 hit(s), 0 error(s), 1 left on base; Sunset District 1 - Scranton 9
TOP OF THE 9TH
Sunset District Fog batting - Pitching for Scranton Supernovas : LHP Felipe Gutiérrez
Now at 1B: Jason Duncan
Batting: LHB Jesús Quintanilla 0-0: SINGLE (Groundball, 56D)
Batting: RHB Rafael Najcrea 0-0: Ball
1-0: Ball
2-0: Called Strike
2-1: Ball
3-1: Base on Balls
Jesús Quintanilla to second
Batting: RHB Juan Alvarado 0-0: Called Strike
0-1: Ball
1-1: Ball
2-1: Grounds into double play, 6-4-3 (Groundball, 6)
Jesús Quintanilla to third
Batting: LHB Randy Daugherty 0-0: Ball
1-0: Fly out, F7 (Flyball, 7S)
Top of the 9th over - 0 run(s), 1 hit(s), 0 error(s), 1 left on base; Sunset District 1 - Scranton 9
This league is powered by Out of the Park Baseball, the baseball management simulation game for PC, Mac and Linux
Friday, January 22nd, 2016 - OOTP Baseball 16.9 Build 39